Map: Odyssey LE

Players

eonblu

  • Race: Zerg Zerg
  • Spawn Location: 11:00

SolO - Winner!

  • Race: Zerg Zerg
  • Spawn Location: 5:00

Event: WCS Jonkoping 2017

VOD

Have the link to the VOD?

Description

Time

  • Played on: June 17, 2017, 7:14 a.m.
  • Length: 7:21

All games in this series

Show
View Real Time Build Order
Export as new Build Order

eonblu Zerg 

Build Orders: Hatch First 

Get SALT Encoding   

  12  0:00  Drone  
  13  0:08  Drone  
  14  0:16  Overlord  
  14  0:34  Drone  
  14  0:35  Drone x2  
  17  0:52  Hatchery  
  17  0:57  Drone  
  17  1:08  Spawning Pool  
  16  1:11  Extractor  
  16  1:12  Drone  
  16  1:19  Drone  
  16  1:21  Drone  
  18  1:30  Drone  
  19  1:39  Overlord  
  19  1:55  Queen  
  19  1:56  Zergling x2  
  22  2:01  Drone  
  22  2:04  Zergling x2  
  22  2:05  Queen  
  26  2:11  Spine Crawler  
  26  2:14  Metabolic Boost  
  25  2:17  Drone  
  25  2:19  Drone  
  27  2:23  Drone  
  27  2:27  Drone  
  29  2:35  Drone  
  32  2:37  Drone  
  32  2:43  Roach Warren  
  31  2:44  Overlord  
  31  2:52  Zergling x2  
  32  3:06  Overlord  
  32  3:22  Roach x6  
  32  3:25  Zergling x4  
  32  3:26  Zergling x2  
  44  3:31  Roach  
  44  3:44  Roach x2  
  44  3:46  Zergling x2  
  44  3:47  Zergling x6  
  45  3:55  Zergling x4  
  41  4:05  Zergling x2  
  41  4:09  Zergling x2  
  43  4:22  Roach x2  
  43  4:23  Roach  
  49  4:31  Drone x2  
  49  4:32  Drone  
  52  4:53  Queen  
  52  4:58  Drone x2  
  52  4:59  Drone x2  
  36  5:02  Roach  
  36  5:04  Queen  
  40  5:08  Roach  
  42  5:15  Roach  
  44  5:25  Ravager  
  44  5:27  Roach x2  
  45  5:32  Zergling x4  
  44  5:46  Roach x2  
  37  6:08  Roach x2  
  33  6:16  Zergling x10  
  34  6:30  Zergling x4  
  36  6:36  Zergling x4  
  38  6:46  Zergling x2  
  39  6:53  Roach  
  39  6:54  Zergling x6  
Show
View Real Time Build Order
Export as new Build Order

SolO Zerg - Winner!

Build Orders: Pool First, Zergling Baneling 

Get SALT Encoding   

  12  0:00  Drone  
  13  0:12  Overlord  
  13  0:16  Drone  
  14  0:30  Drone x2  
  14  0:34  Drone  
  17  0:44  Spawning Pool  
  17  0:46  Drone  
  17  0:49  Extractor  
  16  0:55  Drone  
  17  1:12  Hatchery  
  17  1:17  Drone  
  17  1:31  Queen  
  19  1:32  Zergling x2  
  19  1:36  Zergling x2  
  21  1:43  Overlord  
  21  1:50  Metabolic Boost  
  21  1:54  Zergling x2  
  22  2:03  Drone  
  22  2:08  Queen  
  25  2:17  Baneling Nest  
  25  2:19  Drone  
  25  2:23  Drone  
  25  2:27  Drone  
  27  2:35  Zergling x2  
  27  2:40  Zergling x6  
  30  2:48  Zergling x4  
  32  2:54  Overlord  
  32  2:58  Zergling x2  
  32  2:59  Zergling x2  
  32  3:05  Baneling x2  
  34  3:06  Baneling  
  34  3:07  Zergling x2  
  35  3:14  Zergling x6  
  35  3:19  Baneling  
  38  3:23  Baneling  
  38  3:26  Zergling x6  
  41  3:36  Drone x3  
  39  3:54  Zergling x2  
  39  3:55  Zergling x6  
  36  4:03  Drone  
  36  4:05  Spine Crawler  
  36  4:06  Roach Warren  
  36  4:09  Zergling x4  
  37  4:16  Baneling x3  
  36  4:17  Zergling x4  
  36  4:21  Zergling x2  
  36  4:22  Zergling x2  
  40  4:25  Zergling x2  
  40  4:27  Zergling x2  
  40  4:28  Baneling  
  42  4:34  Overlord  
  42  4:44  Baneling x3  
  35  5:00  Zergling x16  
  43  5:08  Drone x3  
  43  5:10  Drone x2  
  47  5:21  Zergling x8  
  46  5:41  Drone x6  
  51  5:56  Lair  
  40  6:13  Roach  
  40  6:14  Roach x2  
  40  6:15  Zergling x14  
  50  6:19  Extractor  
  50  6:20  Extractor, Drone x2, Evolution Chamber  
  49  6:26  Roach  
  49  6:30  Overlord  
  51  6:37  Baneling  
  51  6:39  Overlord  
  51  6:49  Zergling x2, Roach x2  
  51  6:50  Zergling x4  
  51  6:51  Overlord  
  51  6:52  Roach  
  60  6:57  Overlord  
Tags
 
Add a new tag
Caveats
  • Supply blocks, unpowered buildings, or Contaminate may cause inaccurate times.
  • Supply counts are checked every 10 seconds.